 Dungeon Crawl Stone Soup version 0.18-a0-1523-gbe15c29 (webtiles) character file.

2541 4thArraOfDagon the Slasher (level 9, -1/61 HPs)
             Began as a Halfling Abyssal Knight on Mar 7, 2016.
             Was an Elder of Lugonu.
             Slain by a sheep (9 damage)
             ... on level 8 of the Dungeon.
             The game lasted 00:20:15 (4108 turns).

4thArraOfDagon the Slasher (HaAK)                   Turns: 4108, Time: 00:20:15

Health: -1/61      AC:  8    Str: 12    XL:     9   Next: 85%
Magic:  6/13       EV: 15    Int: 14    God:    Lugonu [****..]
Gold:   440        SH:  0    Dex: 14    Spells: 0 memorised, 8 levels left

rFire  + . .     SeeInvis .     d - +4 dagger (holy)
rCold  . . .     Gourm    .     b - +0 ring mail {rF+}
rNeg   . . .     Faith    .     (shield restricted)
rPois  .         Spirit   .     n - +0 helmet
rElec  .         Dismiss  .     (no cloak)
rCorr  .         Reflect  .     f - +0 pair of gloves
SustAt .         Harm     .     (no boots)
MR     +....                    (no amulet)
Stlth  +.........               F - -2 ring of strength (curse)
                                w - ring of protection from magic

@: somewhat resistant to hostile enchantments, very unstealthy
A: mutation resistance 1, strong 1
a: Depart the Abyss, Bend Space, Banish, Corrupt, Renounce Religion


You were on level 8 of the Dungeon.
You worshipped Lugonu.
Lugonu was greatly pleased with you.
You were not hungry.

You visited 1 branch of the dungeon, and saw 8 of its levels.
You visited the Abyss 1 time.
You also visited: Ossuary.

You collected 440 gold pieces.

Inventory:

Hand Weapons
 a - a +1 falchion
 d - a +4 dagger of holy wrath (weapon)
 r - a +0 long sword
 v - a +1 mace of venom
Missiles
 j - 16 poisoned needles
 t - 3 tomahawks of returning (quivered)
Armour
 b - a +0 ring mail of fire resistance (worn)
 f - a +0 pair of gloves (worn)
 n - a +0 helmet (worn)
 p - a +0 robe of cold resistance
Magical Staves
 x - an uncursed staff of air
Jewellery
 w - a ring of protection from magic (left hand)
 F - a cursed -2 ring of strength (right hand)
Wands
 h - a wand of iceblast (0/15)
 i - a wand of confusion (7/48)
 m - a wand of digging (10/24)
 u - a wand of teleportation (9/9)
Scrolls
 g - 4 scrolls of remove curse
 y - 2 scrolls of recharging
 C - a scroll of vulnerability {unknown}
 D - a scroll of teleportation {unknown}
Potions
 k - a potion of resistance
 q - a potion of haste
 A - a potion of cancellation
 B - a potion of cure mutation
 H - a potion of invisibility {unknown}
Books
 l - a book of Frost

   Spells                             Type                      Level
   a - Freeze                         Ice                          1
   b - Throw Frost                    Conjuration/Ice              2
   c - Ozocubu's Armour               Charms/Ice                   3
   d - Throw Icicle                   Conjuration/Ice              4
   e - Summon Ice Beast               Ice/Summoning                4
 s - a book of Conjurations

   Spells                             Type                      Level
   a - Magic Dart                     Conjuration                  1
   b - Searing Ray                    Conjuration                  2
   c - Dazzling Spray                 Conjuration/Hexes            3
   d - Fulminant Prism                Conjuration/Hexes            4
   e - Iskenderun's Mystic Blast      Conjuration                  4
   f - Iskenderun's Battlesphere      Conjuration/Charms           5
Comestibles
 c - 8 bread rations
 o - 4 meat rations
 z - 16 fruits


   Skills:
 + Level 5.5 Fighting
 * Level 7.5 Long Blades
 + Level 5.7 Armour
 + Level 5.5 Dodging
 + Level 6.0 Invocations


You had 8 spell levels left.
You didn't know any spells.

Dungeon Overview and Level Annotations

Branches:
Dungeon (8/15)             Temple (0/1) D:5
   Lair: D:8-11

Altars:
Cheibriados
Kikubaaqudgha
Makhleb
Okawaru
Pakellas
Qazlal
Vehumet


Innate Abilities, Weirdness & Mutations

You are small and have problems with some larger weapons.
You are somewhat resistant to further mutation.
Your muscles are strong. (Str +2)


Message History

Unknown command.
You puncture the sheep!
The sheep is heavily wounded.
You puncture the sheep!
You kill the sheep!
Lugonu accepts your kill.
Your Invocations skill increases to level 6!
Evoke which item? (* to show all) (? for menu, Esc to quit)
Zapping:
i - a wand of confusion (9/48)
Press: ? - help, Shift-Dir - straight line, f - sheep
Aim: a sheep (chance to defeat MR: 54%)
The sheep resists with significant effort.
This wand has 8 charges left.
The sheep bites you but does no damage.
Evoke which item? (* to show all) (? for menu, Esc to quit)
Zapping:
i - a wand of confusion (8/48)
Press: ? - help, Shift-Dir - straight line, f/p - sheep
Aim: a sheep (chance to defeat MR: 54%)
The sheep resists with significant effort.
This wand has 7 charges left.
The sheep bites you!
You die...

#.####........
#......Y.....
#...#.#Y#..l
#.#...#.# .#
#.##.##.##.#.#
#.##..†[.....#
#.##r##..#####
#.##Y##..#
#.##@##..# ###
#.(......#
#..#####.###.#
#.......# #.#
###
#..#####.###.##
... #..
##.(.##..# #.#
#.# ##....)##.#
#.#
#####.......#.#
#.#
#....._..)).#
#.#


You could see a porcupine and a sheep.

Vanquished Creatures
  Sigmund (D:2)
  A hungry ghost (D:8)
  An ice beast (D:6)
  A porcupine (D:8)
  3 sky beasts
  A phantom (D:8)
  A necrophage (D:5)
  An ogre (D:7)
  An elf zombie (Ossuary)
  2 crocodiles (D:8)
  2 centaurs (D:6)
  A big kobold (D:8)
  A scorpion (D:5)
  A giant frog zombie (D:8)
  A human zombie (Ossuary)
  A jelly (D:6)
  A centaur skeleton (D:8)
  Natasha (thrice) (D:3)
  Ijyb (D:3)
  3 orc wizards (D:8)
  4 worker ants
  6 sheep (D:8)
  2 big kobold zombies (Ossuary)
  A hound zombie (Ossuary)
  3 mummies (Ossuary)
  Robin (D:3)
  3 gnolls (D:6)
  6 adders
  7 river rats (D:8)
  2 adder zombies (Ossuary)
  4 giant geckos
  6 orcs
  3 bats
  A giant cockroach (D:1)
  19 goblins
  7 hobgoblins
  3 jackals (D:8)
  A quokka (D:3)
  A giant gecko zombie (D:5)
  5 giant newts
  6 goblin zombies
  5 hobgoblin zombies (Ossuary)
  2 jackal zombies (Ossuary)
  7 kobolds
  4 kobold zombies (Ossuary)
  An orc zombie (Ossuary)
  4 quokka zombies
  6 rats
  7 rat zombies (Ossuary)
155 creatures vanquished.

Vanquished Creatures (others)
  A basilisk (D:8)
  2 porcupines (D:8)
  A quokka (D:2)
  A fungus (D:8)
  8 plants (D:8)
13 creatures vanquished.

Grand Total: 168 creatures vanquished

Notes
Turn   | Place    | Note
--------------------------------------------------------------
     0 | Abyss:1  | 4thArraOfDagon the Halfling Abyssal Knight began the quest for the Orb.
     0 | Abyss:1  | Reached XP level 1. HP: 15/15 MP: 2/2
     0 | Abyss:1  | TWO TOWERS
    31 | Abyss:2  | Noticed a large abomination
    35 | Abyss:2  | Found a corrupted altar of Lugonu.
    63 | D:1      | Escaped the Abyss
   112 | D:1      | Reached * piety under Lugonu
   129 | D:1      | Reached XP level 2. HP: 10/20 MP: 3/3
   301 | D:1      | Reached XP level 3. HP: 9/26 MP: 4/4
   512 | D:3      | Reached skill level 3 in Long Blades
   512 | D:3      | Reached XP level 4. HP: 22/31 MP: 5/5
   564 | D:3      | Noticed Ijyb
   587 | D:3      | Killed Ijyb
   587 | D:3      | Reached ** piety under Lugonu
   629 | D:3      | Noticed an ogre
   664 | D:4      | Reached XP level 5. HP: 27/36 MP: 7/7
   873 | D:4      | Found an oddly glowing altar of Pakellas.
   905 | D:3      | Noticed Natasha
   908 | D:3      | Killed Natasha
   961 | D:2      | Noticed Sigmund
   964 | D:2      | Killed Sigmund
   964 | D:2      | Reached skill level 4 in Long Blades
   964 | D:2      | Reached XP level 6. HP: 25/42 MP: 8/8
  1100 | D:3      | Noticed Natasha
  1110 | D:3      | Killed Natasha
  1311 | D:3      | Reached XP level 7. HP: 33/47 MP: 9/9
  1333 | D:3      | Noticed Robin
  1352 | D:3      | Killed Robin
  1382 | D:3      | Reached *** piety under Lugonu
  1390 | D:3      | Found an iron altar of Okawaru.
  1486 | D:3      | Noticed Natasha
  1498 | D:3      | Killed Natasha
  1776 | D:5      | Entered Level 5 of the Dungeon
  1896 | D:5      | Reached skill level 5 in Long Blades
  1993 | D:5      | Reached XP level 8. HP: 32/54 MP: 10/10
  2076 | D:5      | Found a staircase to the Ecumenical Temple.
  2108 | D:5      | Found a stormy altar of Qazlal.
  2108 | D:5      | Found a radiant altar of Vehumet.
  2113 | D:5      | Found a burning altar of Makhleb.
  2580 | D:6      | Found a sand-covered staircase.
  2587 | Ossuary  | Entered an ossuary
  2729 | Ossuary  | Reached **** piety under Lugonu
  2815 | Ossuary  | Reached skill level 6 in Long Blades
  3008 | D:7      | Reached XP level 9. HP: 41/60 MP: 12/12
  3149 | D:7      | Reached skill level 5 in Fighting
  3224 | D:7      | Gained mutation: Your muscles are strong. (Str +2) [mutagenic meat]
  3241 | D:7      | Found an ancient bone altar of Kikubaaqudgha.
  3299 | D:8      | Reached skill level 5 in Armour
  3299 | D:8      | Reached skill level 5 in Invocations
  3341 | D:8      | Found a snail-covered altar of Cheibriados.
  3403 | D:8      | timbw: hi
  3403 | D:8      | Reached skill level 5 in Dodging
  3440 | D:8      | timbw: have you used the bug yet?
  3486 | D:8      | 4thArraOfDagon: no, what bug
  3504 | D:8      | timbw: pakellas
  3524 | D:8      | timbw: lets you supercharge weapons
  3531 | D:8      | Reached skill level 7 in Long Blades
  3540 | D:8      | timbw: resulting in +72 weapons
  3607 | D:8      | timbw: might be fixed idk how fast they are
  3934 | D:8      | HP: 1/61 [basilisk (5)]
  4038 | D:8      | 4thArraOfDagon: heh
  4038 | D:8      | 4thArraOfDagon: its best time to grind mibes
  4038 | D:8      | 4thArraOfDagon: i guess
  4038 | D:8      | 4thArraOfDagon: ahh, pak
  4038 | D:8      | 4thArraOfDagon: so ddfi of pak
  4049 | D:8      | 4thArraOfDagon: might be sub20k here
  4108 | D:8      | Slain by a sheep

Vault maps used:
D:1:      tarquinn_simple_flora_water_f, st_stairs_11
D:2:      elyvilon_altar_4, uniq_sigmund
D:3:      okawaru_ov_weapons_minmay, serial_bayou_pond_e, uniq_iyjb, uniq_robin,
          uniq_natasha
D:4:      lemuel_crystal_altar, kennysheep_dice, uniq_crazy_yiuf_cottage
D:5:      grunt_gozag_statues, minitemple, minmay_temple_entry_poolview,
          first_bread, uniq_grinder
D:6:      kennysheep_mini, enter_ossuary_4, corexii_corridor_pit, dk_vineyard_2,
          minmay_misc_feat_plants, minmay_parallelograms,
          minmay_tree_intersection
D:7:      tgw_xom, kiku_gazebo_garden_becter
D:8:      lemuel_round_altar, tgw_fedhas, minmay_lair_entry_grove
Ossuary:  minmay_ossuary_two_tombs

Skill      XL: |  1  2  3  4  5  6  7  8  9 |
---------------+----------------------------+-----
Fighting       | 3 4 5 |  5.5
Long Blades    | 3 4 5 6 7 |  7.5
Dodging        | 2 3 4 5 |  5.5
Armour         | 3 4 5 |  5.7
Invocations    | 3 4 6 |  6.0

Action                   |  1- 3 |  4- 6 |  7- 9 || total
-------------------------+-------+-------+-------++-------
Melee: Falchion          |    14 |       |       ||    14
       Dagger            |    51 |   101 |   621 ||   773
Invok: Depart the Abyss  |     1 |       |       ||     1
       Banish            |       |       |     5 ||     5
Evoke: Wand              |       |     6 |    26 ||    32
  Use: Scroll            |     3 |     1 |     8 ||    12
       Potion            |     2 |       |     6 ||     8
 Stab: Sleeping          |     1 |       |       ||     1
       Confused          |       |       |    12 ||    12
  Eat: Chunk             |       |     2 |     7 ||     9
       Fruit             |       |       |     9 ||     9
